 Dungeon Crawl Stone Soup version 0.25.1-2-g60ff931df9 (webtiles) character file.

Game seed: 14287868248085486112

342 DoubleLucky the Firebug (level 6, -2/48 HPs)
             Began as a Deep Elf Fire Elementalist on Oct 1, 2020.
             Slain by a phantom (5 damage)
             ... on level 4 of the Dungeon.
             The game lasted 00:13:06 (3940 turns).

DoubleLucky the Firebug (DEFE)                      Turns: 3940, Time: 00:13:07

Health: -2/48      AC: 23    Str:  5    XL:     6   Next: 30%
Magic:  9/15       EV:  2    Int: 22    God:
Gold:   145        SH:  0    Dex: 15    Spells: 8/15 levels left

rFire    . . .     SeeInvis .   g - +1 dagger
rCold    . . .     Gourm    .   (no shield)
rNeg     + + +     Faith    .   (armour currently unavailable)
rPois    +         Spirit   .   (helmet currently unavailable)
rElec    .         Reflect  .   (cloak currently unavailable)
rCorr    .         Harm     .   (gloves currently unavailable)
MR       .....     NoTele   +   (boots currently unavailable)
Stlth    ++........             (no amulet)
HPRegen  0.16/turn              (no ring)
MPRegen  0.14/turn              (no ring)

@: tree-form, hasted, very quick
A: no striking features
a: no special abilities


You were on level 4 of the Dungeon.
You were not hungry.
You were a tree.
You visited 1 branch of the dungeon, and saw 4 of its levels.

You collected 145 gold pieces.

Inventory:

Hand Weapons
 g - a +1 dagger (weapon)
Armour
 a - a +0 robe (melded)
 o - a +1 pair of boots (melded)
Jewellery
 j - a cursed -4 ring of evasion {unknown}
Scrolls
 i - a scroll of identify {unknown}
Potions
 d - a potion of lignification
 e - a potion of heal wounds {unknown}
 f - a potion of cancellation {unknown}
 h - a potion of degeneration {unknown}
 k - a potion of curing {unknown}
 m - a potion of haste
Comestibles
 b - a chunk of flesh
 c - 8 rations


   Skills:
 - Level 2.4 Dodging
 - Level 2.4 Stealth
 + Level 5.1 Spellcasting
 + Level 3.5 Conjurations
 * Level 6.0 Fire Magic


You had 8 spell levels left.
You knew the following spells:

 Your Spells              Type           Power        Failure   Level  Hunger
a - Foxfire               Conj/Fire      ####         1%          1    None
b - Conjure Flame         Conj/Fire      ####....     4%          3    ##.....
c - Inner Flame           Hex/Fire       ###.....     9%          3    ##.....

Your spell library contained the following spells:

 Spells                   Type           Power        Failure   Level  Hunger
 Sticky Flame             Conj/Fire      ####....     14%         4    ####...
 Confusing Touch          Hex            #.......     30%         3    ##.....
 Gell's Gravitas          Tloc           #.........   30%         3    ##.....
 Fireball                 Conj/Fire      ####......   36%         5    #####..
 Petrify                  Tmut/Erth      #.......     69%         4    ####...
 Metabolic Englaciation   Hex/Ice        #.........   95%         5    #####..
 Yara's Violent Unravell  Hex/Tmut       #.........   95%         5    #####..


Dungeon Overview and Level Annotations

Branches:
Dungeon (4/15)
 Temple: D:4-7

Altars:


Message History

The foxfire hits the phantom!
The phantom is moderately damaged.
The phantom blinks!
It was a potion of lignification.
You turn into a tree.
Your +1 pair of boots melds into your body.
Your +0 robe melds into your body.
Your roots penetrate the ground.
It was a potion of haste.
You feel yourself speed up.
Casting: Foxfire (safe; 1% risk of failure)
Confirm with . or Enter, or press ? or * to list all spells.
You conjure some foxfire!
Casting: Foxfire (safe; 1% risk of failure)
Confirm with . or Enter, or press ? or * to list all spells.
You conjure some foxfire!
The foxfire hits the phantom.
The phantom is moderately damaged.
Casting: Foxfire (safe; 1% risk of failure)
Confirm with . or Enter, or press ? or * to list all spells.
You conjure some foxfire!
The foxfire hits the phantom.
The phantom is heavily damaged.
The phantom hits you.
You die...

########## #........# ######
#........#####....########
+..................(......
#........#####....###.####
#........###.#......#.....
#.......Wv..........#..##.
######.#v♣##..#.....#..##.
#.....)v§v.............#.
#.....#........####..###.
#†###.............#...##.
#.....####...........#......
#....... ###............#.##
#........# #.........#....##
#........# ##........#..#.##
#........# #...........#.##


You could see a phantom.

Vanquished Creatures
  2 orc wizards (D:3)
  3 worker ants
  7 gnolls
  6 adders
  An adder skeleton (D:4)
  A worm (D:3)
  A dart slug (D:3)
  5 leopard geckos
  7 orcs (D:3)
  A ball python (D:3)
  6 giant cockroaches
  4 goblins
  2 hobgoblins
  6 kobolds
  A quokka (D:3)
  3 bats (D:1)
  A frilled lizard (D:3)
  20 rats
77 creatures vanquished.

Vanquished Creatures (others)
  297 foxfires
297 creatures vanquished.

Grand Total: 374 creatures vanquished

Notes
Turn   | Place    | Note
-------+----------+-------------------------------------------
     0 | D:1      | DoubleLucky the Deep Elf Fire Elementalist began the quest
                  | for the Orb.
     0 | D:1      | Reached XP level 1. HP: 10/10 MP: 6/6
   272 | D:1      | Reached XP level 2. HP: 15/15 MP: 5/8
   849 | D:1      | Reached skill level 4 in Fire Magic
  1070 | D:1      | Reached XP level 3. HP: 19/19 MP: 5/9
  1442 | D:2      | Learned a level 3 spell: Conjure Flame
  1466 | D:2      | Reached XP level 4. HP: 24/24 MP: 3/11
  2641 | D:3      | Reached skill level 5 in Fire Magic
  2652 | D:3      | Reached XP level 5. HP: 28/28 MP: 1/13
  3420 | D:3      | Learned a level 3 spell: Inner Flame
  3635 | D:3      | Reached XP level 6. HP: 32/32 MP: 13/15
  3734 | D:4      | Reached skill level 5 in Spellcasting
  3897 | D:4      | Reached skill level 6 in Fire Magic
  3931 | D:4      | HP: 1/32 [phantom (3)]
  3940 | D:4      | Slain by a phantom

Illustrated notes

Levels and vault maps discovered:
D:1:      dpeg_arrival_ratfight, layout_basic, minmay_pentomino_z2
D:2:      layout_basic
D:3:      layout_basic, first_ration
D:4:      layout_basic

Skill      XL: |  1  2  3  4  5  6 |
---------------+-------------------+-----
Fire Magic     | 4 5 6 |  6.0
Conjurations   | 2 3 |  3.5
Spellcasting   | 4 5 |  5.1
Dodging        | |  2.4
Stealth        | |  2.4

Action                   |  1- 3 |  4- 6 || total
-------------------------+-------+-------++-------
Melee: Unarmed           |     4 |       ||     4
       Dagger            |     4 |    13 ||    17
       Mace              |       |    72 ||    72
 Cast: Foxfire           |    66 |   124 ||   190
  Use: Scroll            |       |     8 ||     8
       Potion            |       |     2 ||     2
  Eat: Chunk             |     1 |     5 ||     6
       Ration            |       |     1 ||     1
Armor: Robe              |     3 |    39 ||    42
Dodge: Dodged            |    16 |    67 ||    83
